 Dungeon Crawl Stone Soup version 0.26.1-11-gd32895ea62 (webtiles) character file.

Game seed: 17096492204920989898

87955 phalm the Earth Mage (level 15, -2/92 HPs)
             Began as a Gargoyle Earth Elementalist on Apr 27, 2021.
             Was the Champion of Vehumet.
             Killed by divine providence
             ... invoked by Saint Roka
              (16 damage)
             ... on level 2 of the Orcish Mines on Apr 28, 2021.
             The game lasted 02:02:09 (30743 turns).

phalm the Earth Mage (Gargoyle Earth Elementalist) Turns: 30743, Time: 02:02:09

Health: -2/92      AC: 24    Str: 12    XL:     15   Next: 92%
Magic:  26/36      EV: 16    Int: 25    God:    Vehumet [******]
Gold:   2666       SH:  6    Dex: 13    Spells: 4/31 levels left

rFire    + . .     SeeInvis .   p - +4 morningstar (freeze)
rCold    + . .     Faith    +   G - +0 buckler
rNeg     + . .     Spirit   .   R - +2 robe {Archmagi}
rPois    ∞         Reflect  .   z - +1 helmet {Int+3}
rElec    +         Harm     .   x - +2 cloak {rCorr}
rCorr    +         Rampage  .   F - +0 pair of gloves {Dex+3}
Will     +....                  k - +0 pair of boots
Stlth    ++........             T - amulet of faith {!P}
HPRegen  0.25/turn              W - ring of magical power
MPRegen  0.25/turn              c - ring of protection from cold

@: flying, very slightly contaminated
A: big wings, talons 1, blurry vision 1, fire resistance 1, negative energy
resistance 1, electricity resistance, unbreathing, petrification resistance,
miasma immunity, AC +11
a: Stop Flying, Renounce Religion


You were on level 2 of the Orcish Mines.
You worshipped Vehumet.
Vehumet was exalted by your worship.
You visited 3 branches of the dungeon, and saw 20 of its levels.
You also visited: Sewer.

You collected 2666 gold pieces.


Innate Abilities, Weirdness & Mutations

You are resistant to torment.
Your stone body is resilient. (AC +11)
You are immune to poison.
Your large and strong wings let you fly indefinitely.
You resist negative energy. (rN+)
You are resistant to electric shocks. (rElec)
You can survive without breathing.
You are immune to petrification.
You are immune to miasma.
You have sharp toenails.
Scrolls take you a little longer to read.
Your flesh is heat resistant. (rF+)


   Skills:
 + Level 10.3 Fighting
 + Level 4.0 Staves
 - Level 9.0 Armour
 - Level 7.1 Dodging
 - Level 2.1 Stealth
 + Level 7.9 Shields
 + Level 8.9 Spellcasting
 + Level 10.9 Conjurations
 - Level 5.0 Translocations
 + Level 4.4 Transmutations
 * Level 16.6 Earth Magic
 - Level 6.8 Evocations


You had 4 spell levels left.
You knew the following spells:

 Your Spells              Type           Power        Failure   Level
a - Passwall              Tmut/Erth      64%          1%          2
l - Lee's Rapid Deconstr  Erth           48%          1%          5
m - Magic Dart            Conj           100%         1%          1
r - Irradiate             Conj/Tmut      32%          1%          5
s - Searing Ray           Conj           100%         1%          2
t - Iron Shot             Conj/Erth      44%          1%          6
w - Stone Arrow           Conj/Erth      100%         1%          3
z - Sandblast             Erth           100%         0%          1
B - Blink                 Tloc           N/A          1%          2

Your spell library contained the following spells:

 Spells                   Type           Power        Failure   Level
 Bolt of Magma            Conj/Fire/Erth 36%          1%          5
 Apportation              Tloc           100%         1%          1
 Beastly Appendage        Tmut           100%         1%          1
 Wereblood                Tmut           50%          1%          2
 Conjure Flame            Conj/Fire      55%          1%          3
 Dazzling Flash           Conj/Hex       100%         1%          3
 Mephitic Cloud           Conj/Pois/Air  44%          1%          3
 Fulminant Prism          Conj/Hex       27%          1%          4
 Iskenderun's Mystic Bla  Conj/Tloc      66%          1%          4
 Petrify                  Tmut/Erth      77%          1%          4
 Gell's Gravitas          Tloc           26%          2%          3
 Animate Skeleton         Necr           32%          5%          1
 Corona                   Hex            17%          5%          1
 Pain                     Necr           64%          5%          1
 Summon Small Mammal      Summ           64%          5%          1
 Spider Form              Tmut/Pois      16%          7%          3
 Call Imp                 Summ           16%          9%          2
 Slow                     Hex            16%          9%          2
 Confusing Touch          Hex            16%          17%         3
 Vampiric Draining        Necr           8%           17%         3
 Ice Form                 Ice/Tmut       33%          22%         4
 Animate Dead             Necr           8%           50%         4
 Cause Fear               Hex            8%           50%         4
 Yara's Violent Unravell  Hex/Tmut       16%          16%         5
 Blade Hands              Tmut           25%          24%         5
 Agony                    Necr           16%          83%         5
 Metabolic Englaciation   Hex/Ice        8%           83%         5
 Silence                  Hex/Air        8%           83%         5
 Discord                  Hex            8%           100%        8

Inventory:

Hand Weapons
 p - a +4 morningstar of freezing (weapon)
   (You took it off a wight on level 6 of the Dungeon)
Missiles
 y - 120 stones
Armour
 k - a +0 pair of boots (worn)
   (You found it on level 2 of the Lair of Beasts)
 l - a +2 robe of fire resistance
   (You took it off Josephine on level 2 of the Orcish Mines)
 x - a +2 cloak of preservation (worn)
   (You took it off Maurice on level 8 of the Dungeon)
 z - a +1 helmet of intelligence (worn)
   (You found it on level 1 of the Lair of Beasts)
 F - a +0 pair of gloves of dexterity (worn)
   (You found it on level 7 of the Dungeon)
 G - a +0 buckler (worn)
   (You found it on level 7 of the Dungeon)
 I - a +0 troll leather armour
   (You found it on level 1 of the Orcish Mines)
 R - a +2 robe of the Archmagi (worn)
   (You took it off a wight on level 9 of the Dungeon)
Jewellery
 c - a ring of protection from cold (right hand)
   (You found it on level 8 of the Dungeon)
 f - an uncursed amulet of magic regeneration
   (You found it on level 1 of the Dungeon)
 v - an uncursed ring of see invisible
   (You found it on level 6 of the Lair of Beasts)
 w - an uncursed ring of willpower
   (You found it on level 3 of the Lair of Beasts)
 T - an amulet of faith (around neck) {!P}
   (You found it on level 9 of the Dungeon)
 W - a ring of magical power (left hand)
   (You found it on level 1 of the Dungeon)
Wands
 m - a wand of polymorph (17)
   (You found it on level 2 of the Dungeon)
 s - a wand of paralysis (29)
   (You found it on level 6 of the Dungeon)
 A - a wand of acid (15)
   (You found it on level 6 of the Dungeon)
 C - a wand of enslavement (9)
   (You found it on level 12 of the Dungeon)
 H - a wand of iceblast (8)
   (You found it on level 8 of the Dungeon)
 X - a wand of flame (37)
   (You found it on level 10 of the Dungeon)
 Y - a wand of disintegration (40)
   (You found it on level 11 of the Dungeon)
Scrolls
 g - 7 scrolls of immolation {!r!r}
 h - 14 scrolls of teleportation {@r4}
 i - 4 scrolls of blinking {!r}
 o - 4 scrolls of remove curse {@r2}
 q - 6 scrolls of fog
 u - 8 scrolls of fear
 B - a scroll of silence {!r}
 D - a scroll of vulnerability {!r!r}
 K - 2 scrolls of magic mapping {!r}
 P - a scroll of identify {@r1}
Potions
 a - 3 potions of lignification {!q}
 b - 5 potions of heal wounds {@q2}
 d - 5 potions of mutation {!q}
 e - 2 potions of haste {@q3}
 n - 15 potions of curing {@q1}
 r - 8 potions of magic
 t - 4 potions of invisibility
 L - 2 potions of attraction {!q}
 N - 4 potions of brilliance
 O - 2 potions of resistance
 V - 3 potions of ambrosia
Miscellaneous
 j - a condenser vane
   (You found it on level 11 of the Dungeon)
 E - a phantom mirror
   (You found it on level 1 of the Lair of Beasts)

Dungeon Overview and Level Annotations

Branches:
Dungeon (12/15)            Temple (0/1) D:5            Lair (6/6) D:10
  Swamp (0/4) Lair:2        Snake (0/4) Lair:3        Slime (0/5) Lair:5
    Orc (2/2) D:9             Elf (0/3) Orc:2         Sewer (visited)

Altars:
Ashenzari
Cheibriados
Elyvilon
Gozag
Hepliaklqana
Kikubaaqudgha
Makhleb
Sif Muna
Vehumet
Zin
The Shining One

Shops:
D:8 *

Annotations:
Orc:2 Saint Roka

######### ### ##.##.#..### ##.#
#..........#######...
##..@.)o.....##......
###..†[o...........#.
##.....oo......#..#...
#.........[...........
##...##..[).o........#.
#####.#...#..).............
##.##.........)..).......... ###
##....#.##.....#..[..........
..###......###.#..<##.....†...##.


You could see Saint Roka, 3 orc warriors and an orc (strong).


Message History

You lost 5 mp, and now have 25/36 mp.
Casting: Lee's Rapid Deconstruction (safe; 1% risk of failure)
Confirm with . or Enter, or press ? or * to list all spells.
Aiming: Lee's Rapid Deconstruction (safe; 1% risk of failure)
Press: ? - help, Dir - move target A stone wall.
You feel a surge of power!
The wall shatters!
The blast of rock fragments hits Saint Roka!!
Vehumet accepts your kill.
You feel your power returning.
You feel a bit more experienced.
You hear a shout!
Saint Roka calls down the wrath of Beogh upon you.
Beogh smites you! 😕 HP[-13]
You take 13 damage, and now have 79/92 hp.
Aiming: Paralyse
Press: ? - help, Shift-Dir - straight line, f - Saint Roka
Aim: Saint Roka, wielding a +0 glaive and wearing a +4 plate armour of cold resistance (lightly wounded, chance to affect: 18%)
Okay, then.
Aiming: Disintegrate
Press: ? - help, Shift-Dir - straight line, f - Saint Roka
Aim: Saint Roka, wielding a +0 glaive and wearing a +4 plate armour of cold resistance (lightly wounded, chance to affect: 39%)
Okay, then.
An orc comes into view.
Saint Roka calls down the wrath of Beogh upon you.
Beogh smites you!
The orc moves out of view.
You hear a shout! x2 😮 HP[-12]
You take 12 damage, and now have 67/92 hp.
An orc and an orc warrior come into view.
The orc warrior shouts!
Saint Roka invokes the aid of Beogh against you.
Beogh smites you!
An orc warrior comes into view. It is wielding a +0 trident. 😮 HP[-14]
You take 14 damage, and now have 53/92 hp.
An orc warrior comes into view.
It is wielding a +0 battleaxe. 😮 MP[+1] Unknown command.
Saint Roka calls out, "Only Beogh rules here!"
Saint Roka mumbles some strange prayers to Beogh against you.
Beogh smites you!
* * * LOW HITPOINT WARNING * * *
An orc warrior comes into view. It is wielding a +0 trident. 😨 HP[-14]
You take 14 damage, and now have 39/92 hp.
Saint Roka mumbles some strange prayers to Beogh against you.
Beogh smites you!
* * * LOW HITPOINT WARNING * * *
😨 HP[-8] MP[+1]
You take 8 damage, and now have 31/92 hp. 😨 HP[+1] Saint Roka calls down the wrath of Beogh upon you.
Beogh smites you!
* * * LOW HITPOINT WARNING * * *
😱 HP[-9]
You take 9 damage, and now have 23/92 hp.
Saint Roka calls down the wrath of Beogh upon you.
Beogh smites you!
* * * LOW HITPOINT WARNING * * *
😱 HP[-14]
You take 14 damage, and now have 9/92 hp.
You feel much better.
The orc warrior no longer looks unusually strong. 😨 HP[+28] MP[+1]
You regained 28 hp, and now have 37/92 hp.
Saint Roka calls down the wrath of Beogh upon you.
Beogh smites you!
* * * LOW HITPOINT WARNING * * *
😨 HP[-10]
You take 10 damage, and now have 27/92 hp.
You block the orc warrior's attack.
Items here: ))) [[.
Saint Roka calls down the wrath of Beogh upon you.
Beogh smites you!
* * * LOW HITPOINT WARNING * * *
😱 HP[-14]
You take 14 damage, and now have 13/92 hp.
Casting: Lee's Rapid Deconstruction (safe; 1% risk of failure)
Confirm with . or Enter, or press ? or * to list all spells.
You feel a surge of power!
You erupt in a fountain of uncontrolled magic!
The orc is blasted with magical radiation!!
You kill the orc!
Vehumet accepts your kill.
You feel your power returning.
The orc warrior is blasted with magical radiation!!!
You kill the orc warrior!
Vehumet accepts your kill.
You feel your power returning.
You are very lightly contaminated with residual magic.
Saint Roka roars a battlecry!
The orcs go into a battle-frenzy!
You block the orc warrior's attack.
The orc warrior barely misses you. 😱 MP[-2]
You lost 2 mp, and now have 26/36 mp.
The orc warrior no longer looks unusually strong.
Saint Roka calls down the wrath of Beogh upon you.
Beogh smites you!
You die...

Skill      XL: |  1  2  3  4  5  6  7  8  9 10 11 12 13 14 15 |
---------------+----------------------------------------------+-----
Earth Magic    | 4 5 6 7 8 9 10 11 12 13 14 15 16 | 16.6
Conjurations   | 1 2 3 4 6 7 8 9 10 | 10.9
Armour         | 2 3 5 6 7 8 9 |  9.0
Fighting       | 2 3 5 6 7 8 9 10 | 10.3
Dodging        | 2 3 4 5 6 7 |  7.1
Shields        | 2 3 4 5 6 7 |  7.9
Translocations | 1 2 3 4 5 |  5.0
Spellcasting   | 3 4 5 6 7 8 |  8.9
Evocations     | 1 2 4 5 6 |  6.8
Transmutations | 3 4 |  4.4
Staves         | 1 4 |  4.0
Stealth        | |  2.1

Action                   |  1- 3 |  4- 6 |  7- 9 | 10-12 | 13-15 || total
-------------------------+-------+-------+-------+-------+-------++-------
Melee: Hand axe          |    62 |    61 |    45 |       |       ||   168
       Dagger            |       |   251 |    44 |       |       ||   295
       Morningstar       |       |       |     4 |    53 |   217 ||   274
       Whip              |       |       |       |     5 |       ||     5
Throw: Dart              |    12 |    27 |     4 |       |       ||    43
       Throwing net      |       |       |       |       |     1 ||     1
 Cast: Sandblast         |    33 |    27 |    28 |   142 |   131 ||   361
       Stone Arrow       |       |    54 |   105 |   122 |   254 ||   535
       Lee's Rapid Decon |       |       |    11 |    20 |    67 ||    98
       Magic Dart        |       |       |    42 |   154 |   243 ||   439
       Searing Ray       |       |       |     1 |     1 |    20 ||    22
       Iron Shot         |       |       |       |    16 |    62 ||    78
       Passwall          |       |       |       |       |     5 ||     5
       Irradiate         |       |       |       |       |    20 ||    20
 Abil: Fly               |       |       |       |       |     1 ||     1
Evoke: Wand              |       |     1 |    10 |    10 |    17 ||    38
  Use: Scroll            |     2 |     4 |     3 |     6 |    11 ||    26
       Potion            |       |     4 |       |       |     2 ||     6
 Stab: Sleeping          |     2 |     1 |       |       |     1 ||     4
       Paralysed         |       |       |       |     7 |    11 ||    18
Armor: Robe              |    27 |   201 |    67 |    42 |   227 ||   564
Dodge: Dodged            |    52 |   248 |    88 |    63 |   380 ||   831
Block: Buckler           |       |       |       |    19 |   143 ||   162

Levels and vault maps discovered:
D:1:      tarquinn_simple_flora_water_b, layout_basic, minmay_quantized
D:2:      lemuel_upstairs_altar, layout_loops_ring,
          nicolae_overflow_crystal_walls, ashenzari_conservatory_becter,
          kennysheep_vampire_church, kennysheep_slug_shrine, uniq_robin
D:3:      layout_basic, lemuel_crystal_altar, portal_sewer_entry_a,
          elyvilon_altar_3
D:4:      layout_gridville, gammafunk_temple_overflow_elements, uniq_duvessa,
          uniq_natasha, uniq_ijyb, uniq_sigmund
D:5:      layout_basic, minmay_temple_entry_slanted, lemuel_blue_sif_altar
D:6:      layout_basic, bloody_makhleb, nzn_hepliaklqana_mist_gate
D:7:      layout_basic, hex_large, kennysheep_opposing_triangles, uniq_pikel
D:8:      layout_rooms, kennysheep_mini_moat, kennysheep_little_box,
          serial_shops, shop, lemuel_flame_loot_1, uniq_maurice
D:9:      layout_irregular_city, erik_orc_1, serial_bayou_pond_e
D:10:     layout_irregular_city, due_lair_maze_entry_diamond
D:11:     layout_stronghold, chequers_arboretum, grunt_ministairs_10
D:12:     layout_loops_ring, ebering_ghost_reflecting_pool, fungi_pond_lemuel,
          uniq_kirke
Lair:1:   layout_cave_pods, gammafunk_ghost_berserking_beasts,
          serial_bayou_shore_b, uniq_urug
Lair:2:   layout_chaotic_city, minmay_swamp_entry_worms, serial_bayou_pond_a
Lair:3:   layout_small_grid, minmay_snake_entry_guardpost_medium,
          grunt_megastairs_3
Lair:4:   nzn_winding_woodlands_stair_cross
          [nzn_winding_woodlands_5x15_longhouse,
          nzn_winding_woodlands_center_garden, nzn_winding_woodlands_5x15_eye,
          nzn_winding_woodlands_5x5_open_star,
          nzn_winding_woodlands_5x5_perimeter,
          nzn_winding_woodlands_5x15_split_checker,
          nzn_winding_woodlands_center_triple_pond,
          nzn_winding_woodlands_5x15_zeroes], layout_cave_pods,
          minmay_stone_trees_small
Lair:5:   layout_gridlike, minmay_slime_entry_pillars, serial_bayou_shore_a
Lair:6:   cheibrodos_lair_end_hotspot, layout_long_grid,
          grunt_forest_small_clearings, hibernation_bobbens,
          serial_bayou_shore_b, uniq_nessos
Orc:1:    layout_caves
Orc:2:    st_orc_pillars, layout_caves, uniq_saint_roka, uniq_josephine

Notes
Turn   | Place    | Note
-------+----------+-------------------------------------------
     0 | D:1      | phalm the Gargoyle Earth Elementalist began the quest for
                  | the Orb.
     0 | D:1      | Reached XP level 1. HP: 10/10 MP: 3/3
     0 | D:1      | magus.rc [v1.9.10]
   234 | D:1      | Reached skill level 4 in Earth Magic
   396 | D:1      | Reached XP level 2. HP: 15/15 MP: 1/5
   925 | D:1      | Reached XP level 3. HP: 19/19 MP: 6/6
   929 | D:1      | Learned a level 3 spell: Stone Arrow
  1028 | D:1      | Reached skill level 5 in Earth Magic
  1134 | D:2      | Found a snail-covered altar of Cheibriados.
  1426 | D:2      | Reached skill level 1 in Conjurations
  1428 | D:2      | Found a broken altar of Ashenzari.
  1562 | D:2      | Reached XP level 4. HP: 24/24 MP: 7/7
  1562 | D:2      | Noticed Robin
  1564 | D:2      | Reached skill level 2 in Conjurations
  1614 | D:2      | Killed Robin
  2020 | D:2      | Reached XP level 5. HP: 28/28 MP: 8/8
  2151 | D:2      | Found an ancient bone altar of Kikubaaqudgha.
  2165 | D:2      | Reached skill level 3 in Conjurations
  2165 | D:2      | Reached skill level 6 in Earth Magic
  2356 | D:2      | Found a white marble altar of Elyvilon.
  2558 | D:3      | Found a white marble altar of Elyvilon.
  2629 | D:3      | Reached XP level 6. HP: 21/32 MP: 9/9
  2717 | D:3      | Found a glowing drain.
  2790 | Sewer    | Entered a sewer
  2876 | Sewer    | Learned a level 5 spell: Lee's Rapid Deconstruction
  3268 | Sewer    | Reached skill level 4 in Conjurations
  4064 | D:3      | Reached skill level 7 in Earth Magic
  4190 | D:3      | You pick up a book of Minor Magic and begin reading...
  4190 | D:3      | You add the spells Magic Dart, Blink, Call Imp, Slow,
                  | Conjure Flame and Mephitic Cloud to your library.
  4242 | D:3      | Found an opulent altar of Gozag.
  4658 | D:3      | Reached XP level 7. HP: 11/36 MP: 1/10
  4908 | D:4      | Reached skill level 5 in Conjurations
  5231 | D:4      | Noticed Duvessa
  5241 | D:4      | Noticed Dowan
  5249 | D:4      | Killed Duvessa
  5250 | D:4      | Reached skill level 8 in Earth Magic
  5251 | D:4      | Killed Dowan
  5432 | D:4      | Noticed Natasha
  5434 | D:4      | Killed Natasha
  5465 | D:4      | Noticed Sigmund
  5472 | D:4      | Noticed Natasha
  5644 | D:4      | Noticed Ijyb
  5706 | D:4      | Killed Ijyb
  5707 | D:4      | Reached skill level 6 in Conjurations
  5707 | D:4      | Reached XP level 8. HP: 26/42 MP: 2/11
  6109 | D:4      | Found a radiant altar of Vehumet.
  6109 | D:4      | Found a glowing golden altar of the Shining One.
  6115 | D:4      | Became a worshipper of Vehumet
  6205 | D:4      | Reached skill level 1 in Armour
  6405 | D:4      | Killed Sigmund
  6406 | D:4      | Reached skill level 1 in Fighting
  6406 | D:4      | Reached skill level 2 in Dodging
  6406 | D:4      | Reached skill level 1 in Shields
  6500 | D:4      | Killed Natasha
  6599 | D:4      | Found a radiant altar of Vehumet.
  6599 | D:4      | Found a glowing golden altar of the Shining One.
  6773 | D:4      | Noticed Natasha
  6774 | D:4      | Killed Natasha
  6805 | D:5      | Entered Level 5 of the Dungeon
  6998 | D:5      | Reached skill level 9 in Earth Magic
  7004 | D:5      | Learned a level 1 spell: Magic Dart
  7007 | D:5      | Learned a level 2 spell: Blink
  7103 | D:5      | Found a staircase to the Ecumenical Temple.
  7155 | D:5      | Found a shimmering blue altar of Sif Muna.
  7288 | D:5      | Reached skill level 2 in Shields
  7408 | D:5      | Reached skill level 2 in Fighting
  7408 | D:5      | Reached skill level 2 in Armour
  7625 | D:5      | Reached * piety under Vehumet
  7625 | D:5      | Offered knowledge of Freeze by Vehumet.
  7657 | D:5      | Reached skill level 1 in Translocations
  7657 | D:5      | Reached XP level 9. HP: 48/48 MP: 12/13
  7910 | D:5      | Reached skill level 3 in Spellcasting
  8453 | D:6      | Reached skill level 3 in Shields
  8488 | D:6      | Found a hazy altar of Hepliaklqana.
  8572 | D:6      | Reached skill level 3 in Fighting
  8572 | D:6      | Reached skill level 3 in Armour
  8649 | D:6      | Reached ** piety under Vehumet
  8791 | D:6      | Reached skill level 3 in Dodging
  8791 | D:6      | Reached skill level 2 in Translocations
  8862 | D:6      | Found a burning altar of Makhleb.
  8882 | D:6      | Reached skill level 7 in Conjurations
  8882 | D:6      | Reached skill level 10 in Earth Magic
  8992 | D:6      | Offered knowledge of Searing Ray by Vehumet.
  8997 | D:6      | Learned a level 2 spell: Searing Ray
  9386 | D:7      | Noticed Pikel
  9394 | D:7      | Killed Pikel
  9395 | D:7      | Reached skill level 1 in Evocations
  9395 | D:7      | Reached XP level 10. HP: 52/56 MP: 8/15
  9991 | D:8      | Reached skill level 4 in Armour
 10044 | D:8      | Got a dull robe
 10055 | D:8      | Identified the +1 robe "Hykown" {*Contam rPois Int+3} (You
                  | found it on level 8 of the Dungeon)
 10121 | D:8      | Reached skill level 4 in Shields
 10157 | D:8      | Found Ceupain's General Store.
 10221 | D:8      | Reached skill level 4 in Fighting
 10267 | D:8      | Noticed Maurice
 10284 | D:8      | Killed Maurice
 10285 | D:8      | Reached skill level 4 in Spellcasting
 10326 | D:8      | Found a glowing silver altar of Zin.
 10354 | D:8      | Found a shimmering blue altar of Sif Muna.
 10533 | D:9      | magus.rc [v1.9.10]
 10545 | D:9      | Offered knowledge of Inner Flame by Vehumet.
 10649 | D:9      | Reached skill level 3 in Translocations
 10845 | D:9      | You fall into a shaft and drop 1 floor!
 10845 | D:10     | Entered Level 10 of the Dungeon
 10845 | D:10     | Noticed a centaur warrior
 10851 | D:10     | Killed a centaur warrior
 10852 | D:10     | Reached skill level 11 in Earth Magic
 10852 | D:10     | Reached skill level 2 in Evocations
 11071 | D:10     | You pick up a book of Cantrips and begin reading...
 11071 | D:10     | You add the spells Corona, Animate Skeleton, Summon Small
                  | Mammal and Apportation to your library.
 11119 | D:10     | Reached *** piety under Vehumet
 11184 | D:10     | Found a staircase to the Lair.
 11225 | D:10     | Reached skill level 4 in Dodging
 11297 | D:10     | Reached skill level 5 in Fighting
 11381 | D:10     | Reached skill level 5 in Armour
 11381 | D:10     | Reached skill level 8 in Conjurations
 11381 | D:10     | Reached XP level 11. HP: 63/63 MP: 18/18
 11603 | D:9      | Identified a +2 robe of the Archmagi
 11610 | D:9      | Offered knowledge of Static Discharge by Vehumet.
 11613 | D:9      | Reached skill level 3 in Evocations
 11709 | D:9      | Killed an unseen horror
 11940 | D:9      | Identified the +4 rapier of the Poles {freeze, *Drain rC+
                  | Str+4}
 12267 | D:9      | Found a staircase to the Orcish Mines.
 12280 | D:9      | Reached skill level 5 in Spellcasting
 12515 | D:10     | Noticed a two-headed ogre
 12526 | D:10     | Killed a two-headed ogre
 12558 | D:10     | Reached **** piety under Vehumet
 12730 | D:10     | Noticed a two-headed ogre
 12736 | D:10     | Killed a two-headed ogre
 12960 | D:11     | Offered knowledge of Yara's Violent Unravelling by Vehumet.
 12966 | D:11     | Reached skill level 12 in Earth Magic
 13513 | D:11     | Noticed a brown ugly thing
 13520 | D:11     | Killed a brown ugly thing
 13521 | D:11     | Reached skill level 6 in Fighting
 13595 | D:11     | Reached skill level 4 in Translocations
 13664 | D:11     | Reached skill level 6 in Armour
 13754 | D:11     | Reached ***** piety under Vehumet
 13759 | D:11     | Offered knowledge of Iron Shot by Vehumet.
 13775 | D:11     | Learned a level 6 spell: Iron Shot
 13981 | D:11     | Killed an unseen horror
 13990 | D:11     | Reached skill level 4 in Evocations
 13990 | D:11     | Reached XP level 12. HP: 70/70 MP: 20/20
 14313 | D:11     | Noticed a seven-headed hydra
 14320 | D:11     | Killed a seven-headed hydra
 14321 | D:11     | Reached skill level 5 in Dodging
 14591 | D:12     | Noticed a two-headed ogre
 14594 | D:12     | Killed a two-headed ogre
 14595 | D:12     | Reached skill level 9 in Conjurations
 14598 | D:12     | Noticed a two-headed ogre
 14602 | D:12     | Killed a two-headed ogre
 14846 | D:12     | Noticed a two-headed ogre
 14851 | D:12     | Killed a two-headed ogre
 14860 | D:12     | Reached skill level 13 in Earth Magic
 14862 | D:12     | Reached skill level 6 in Spellcasting
 15035 | D:12     | Noticed Kirke
 15042 | D:12     | Killed Kirke
 15162 | D:12     | Noticed a two-headed ogre
 15169 | D:12     | Killed a two-headed ogre
 15170 | D:12     | Reached skill level 7 in Fighting
 15170 | D:12     | Reached skill level 7 in Armour
 15170 | D:12     | Reached skill level 5 in Translocations
 15644 | D:12     | Found a runed translucent door.
 15646 | D:12     | Noticed Neel Ube's ghost (journeyman FoFi)
 15668 | D:12     | Noticed a boulder beetle
 15673 | D:12     | Reached skill level 5 in Evocations
 15714 | D:12     | Killed a boulder beetle
 15964 | D:12     | Killed Neel Ube's ghost
 15965 | D:12     | Reached XP level 13. HP: 75/76 MP: 4/22
 16139 | Lair:1   | Entered Level 1 of the Lair of Beasts
 16178 | Lair:1   | You pick up a book of Hexes and begin reading...
 16178 | Lair:1   | You add the spells Cause Fear, Yara's Violent Unravelling,
                  | Silence and Discord to your library.
 16317 | Lair:1   | Reached skill level 6 in Dodging
 16400 | Lair:1   | Found a transporter.
 16411 | Lair:1   | Found a transporter.
 16415 | Lair:1   | Noticed Dogology's ghost (journeyman FoFi)
 16666 | Lair:2   | Reached skill level 14 in Earth Magic
 16926 | Lair:1   | Noticed Urug
 17216 | Lair:1   | Killed Urug
 17589 | Lair:1   | Learned a level 2 spell: Passwall
 17629 | Lair:1   | Reached skill level 8 in Fighting
 17648 | Lair:1   | Killed Dogology's ghost
 17895 | Lair:2   | Reached skill level 7 in Spellcasting
 18039 | Lair:2   | Found a staircase to the Swamp.
 18133 | Lair:2   | Reached skill level 8 in Armour
 18477 | Lair:2   | Reached skill level 6 in Evocations
 19187 | Lair:3   | Offered knowledge of Irradiate by Vehumet.
 19188 | Lair:3   | Reached skill level 5 in Shields
 19543 | Lair:3   | Gained mutation: Your large and strong wings let you fly
                  | indefinitely. [Gargoyle growth]
 19543 | Lair:3   | Reached XP level 14. HP: 70/84 MP: 23/25
 19550 | Lair:3   | Learned a level 5 spell: Irradiate
 19639 | Lair:3   | Reached skill level 1 in Transmutations
 19778 | Lair:3   | You pick up a book of Necromancy and begin reading...
 19778 | Lair:3   | You add the spells Pain, Vampiric Draining, Animate Dead
                  | and Agony to your library.
 19887 | Lair:3   | Reached ****** piety under Vehumet
 19918 | Lair:3   | Found a staircase to the Snake Pit.
 20011 | Lair:3   | You pick up a book of Misfortune and begin reading...
 20011 | Lair:3   | You add the spells Confusing Touch, Gell's Gravitas and
                  | Metabolic Englaciation to your library.
 21488 | Lair:4   | Reached skill level 15 in Earth Magic
 21509 | Lair:4   | HP: 18/84 [cane toad (12)]
 21922 | Lair:4   | Reached skill level 2 in Transmutations
 21976 | Lair:4   | Offered knowledge of Starburst by Vehumet.
 21977 | Lair:4   | Reached skill level 6 in Shields
 21981 | Lair:4   | Reached skill level 10 in Conjurations
 22078 | Lair:4   | Reached skill level 9 in Fighting
 22080 | Lair:4   | Reached skill level 9 in Armour
 22080 | Lair:4   | Reached skill level 7 in Dodging
 22542 | Lair:4   | You pick up a book of Changes and begin reading...
 22542 | Lair:4   | You add the spells Beastly Appendage, Wereblood, Spider
                  | Form, Ice Form and Blade Hands to your library.
 22654 | Lair:4   | Reached skill level 8 in Spellcasting
 23568 | Lair:5   | Found a staircase to the Slime Pits.
 23581 | Lair:5   | You pick up a book of Conjurations and begin reading...
 23581 | Lair:5   | You add the spells Dazzling Flash, Fulminant Prism and
                  | Iskenderun's Mystic Blast to your library.
 23588 | Lair:5   | Reached skill level 1 in Staves
 23797 | Lair:5   | Reached skill level 3 in Transmutations
 23881 | Lair:5   | Reached XP level 15. HP: 91/91 MP: 24/27
 24060 | Lair:5   | Gained mutation: Your flesh is heat resistant. (rF+)
                  | [potion of mutation]
 24060 | Lair:5   | Gained mutation: Scrolls take you a little longer to read.
                  | [potion of mutation]
 24060 | Lair:5   | Gained mutation: You have sharp toenails. [potion of
                  | mutation]
 24279 | Lair:6   | Entered Level 6 of the Lair of Beasts
 24281 | Lair:6   | Noticed Nessos
 24763 | Lair:6   | Reached skill level 2 in Staves
 24763 | Lair:6   | Reached skill level 7 in Shields
 25020 | Lair:6   | Killed Nessos
 25386 | Lair:6   | Reached skill level 16 in Earth Magic
 25678 | Lair:6   | Offered knowledge of Conjure Ball Lightning by Vehumet.
 26340 | Lair:6   | Found a large runed translucent door.
 26341 | Lair:6   | Found a large runed translucent door.
 26398 | Lair:6   | Reached skill level 3 in Staves
 27257 | Orc:1    | Entered Level 1 of the Orcish Mines
 27878 | Orc:2    | Entered Level 2 of the Orcish Mines
 27887 | Orc:2    | Reached skill level 10 in Fighting
 27887 | Orc:2    | Reached skill level 4 in Transmutations
 27949 | Orc:1    | Offered knowledge of Iskenderun's Battlesphere by Vehumet.
 28456 | Orc:2    | Noticed Josephine
 28462 | Orc:2    | Killed Josephine
 28644 | Orc:1    | You are sucked into a shaft and drop 1 floor!
 28962 | Orc:2    | Offered knowledge of Bolt of Magma by Vehumet.
 29256 | Orc:1    | HP: 18/92 [orc knight/+0 long sword (19)]
 30187 | Orc:2    | Noticed Saint Roka
 30358 | Orc:2    | Reached skill level 4 in Staves
 30507 | Orc:2    | Found a staircase to the Elven Halls.
 30736 | Orc:2    | HP: 23/92 [Saint Roka/divine providence (9)]
 30737 | Orc:2    | HP: 9/92 [Saint Roka/divine providence (14)]
 30743 | Orc:2    | Killed from afar by Saint Roka

Vanquished Creatures
  Kirke (D:12)
  Nessos (Lair:6)
  The ghost of Neel Ube the Peltast, a journeyman FoFi of Okawaru (D:12)
  The ghost of Dogology the Carver, a journeyman FoFi of Okawaru (Lair:1)
  A fire dragon (Lair:6)
  Josephine (Orc:2)
  14 hydras
  A boulder beetle (D:12)
  A catoblepas (Lair:1)
  An anaconda (Lair:4)
  A centaur warrior (D:10)
  4 death yaks
  Urug (Lair:1)
  7 two-headed ogres
  3 orc high priests (Orc:2)
  2 unseen horrors
  Pikel (D:7)
  2 lindwurms
  6 orc knights
  3 ugly things
  4 orc sorcerers
  8 slime creatures
  A cyclops (Orc:2)
  6 black mambas
  A moth of wrath (Lair:1)
  11 elephants
  Maurice (D:8)
  2 molten gargoyles (Lair:6)
  A torpor snail (Lair:2)
  17 cane toads
  2 centaur skeletons
  16 komodo dragons
  2 rime drakes
  9 trolls
  3 polar bears
  17 blink frogs
  2 dream sheep (Lair:4)
  Sigmund (D:4)
  4 wraiths (Orc:2)
  A vampire (D:12)
  7 wyverns
  7 basilisks
  45 yaks
  3 hogs (D:12)
  A steam dragon (Lair:6)
  5 nagas (Lair:3)
  6 wargs
  A swamp worm (Lair:2)
  20 water moccasins
  Duvessa (D:4)
  4 hell hounds (Lair:6)
  A swamp drake (D:9)
  32 orc warriors
  4 ice beasts
  A necrophage (D:7)
  5 black bears
  3 sky beasts
  11 ogres
  2 phantoms
  15 wolves
  2 centaurs
  2 big kobolds
  24 bullfrogs
  Dowan (D:4)
  2 wyvern skeletons
  7 scorpions
  8 killer bees
  8 wights
  2 vampire bats (D:2)
  An electric eel (Lair:2)
  3 howler monkeys
  3 bullfrog zombies
  2 quasits
  5 lava snakes (Lair:6)
  7 hounds
  4 jellies
  6 bullfrog skeletons
  46 orc priests
  20 orc wizards
  5 iguanas
  Natasha (thrice) (D:4)
  Ijyb (D:4)
  8 worker ants
  A killer bee zombie (D:10)
  A hound zombie (D:11)
  2 hound skeletons
  A worker ant zombie (D:6)
  Robin (D:2)
  A gnoll (D:7)
  9 adders
  A river rat (D:3)
  A shadow imp (D:10)
  5 ufetubi
  7 oozes
  2 adder skeletons
  2 adder zombies
  7 worms
  4 dart slugs
  3 leopard geckos
  76 orcs
  3 bat skeletons (D:2)
  A bat zombie (D:2)
  15 giant cockroaches
  15 goblins
  15 hobgoblins
  14 jackals
  6 quokkas
  4 ball pythons
  14 bats
  5 frilled lizards
  2 jackal skeletons
  15 kobolds
  10 rats
749 creatures vanquished.

Vanquished Creatures (collateral kills)
  A slime creature (D:12)
  A rime drake (Lair:6)
  2 blink frogs (Lair:6)
4 creatures vanquished.

Vanquished Creatures (others)
  59 fungi
  74 plants
133 creatures vanquished.

Grand Total: 886 creatures vanquished

Table legend:
 A = Non-vault XP
 B = Vault XP
 C = Vault XP percentage of total XP
 D = Non-vault monster count
 E = Vault monster count
 F = Vault count percentage of total count
                 A         B        C        D         E       F
            +---------+---------+-------+---------+---------+-------
      Total |   81220 |   44431 |  35.4 |     508 |     245 |  32.5
            +---------+---------+-------+---------+---------+-------
        D:1 |      26 |      12 |  31.6 |      14 |       6 |  30.0
        D:2 |      90 |     162 |  64.3 |      21 |      18 |  46.2
        D:3 |     323 |      19 |   5.6 |      36 |       5 |  12.2
        D:4 |     445 |     512 |  53.5 |      19 |       5 |  20.8
        D:5 |     821 |       0 |   0.0 |      27 |       0 |   0.0
        D:6 |    1344 |       0 |   0.0 |      40 |       0 |   0.0
        D:7 |     346 |     758 |  68.7 |       9 |       4 |  30.8
        D:8 |     557 |     469 |  45.7 |      11 |       1 |   8.3
        D:9 |    3206 |     579 |  15.3 |      24 |      17 |  41.5
       D:10 |    3559 |    1904 |  34.9 |      22 |      10 |  31.2
       D:11 |    5794 |     409 |   6.6 |      39 |       9 |  18.8
       D:12 |    9248 |    3825 |  29.3 |      27 |       5 |  15.6
     Lair:1 |    4742 |    4113 |  46.4 |      15 |       7 |  31.8
     Lair:2 |    6398 |     162 |   2.5 |      25 |       1 |   3.8
     Lair:3 |    7793 |    2564 |  24.8 |      29 |       9 |  23.7
     Lair:4 |   12788 |    8078 |  38.7 |      37 |      24 |  39.3
     Lair:5 |    6738 |     611 |   8.3 |      16 |       4 |  20.0
     Lair:6 |    8507 |    9482 |  52.7 |      28 |      29 |  50.9
      Orc:1 |    5118 |    1340 |  20.7 |      38 |       4 |   9.5
      Orc:2 |    3377 |    9357 |  73.5 |      31 |      63 |  67.0
      Sewer |       0 |      75 | 100.0 |       0 |      24 | 100.0
            +---------+---------+-------+---------+---------+-------

Illustrated notes

Table legend:
 A = Kills in this place as a percentage of kills in entire the game.
 B = Kills by you in this place as a percentage of kills by you in the entire game.
 C = Kills by friends in this place as a percentage of kills by friends in the entire game.
 D = Other kills in this place as a percentage of other kills in the entire game.
 E = Experience gained in this place as a percentage of experience gained in the entire game.
 F = Experience gained in this place divided by the number of levels of this place that you have seen.
                   A       B       C       D       E      F
               +-------+-------+-------+-------+-------+----------------------
         Total | 100.0 | 100.0 | 100.0 |   N/A | 100.0 | 5983.4
       Dungeon |  49.0 |  49.1 |  25.0 |   N/A |  27.4 | 2867.3
          Lair |  29.7 |  29.5 |  75.0 |   N/A |  57.3 | 11996.0
  Orcish Mines |  18.1 |  18.2 |   0.0 |   N/A |  15.3 | 9596.0
         Sewer |   3.2 |   3.2 |   0.0 |   N/A |   0.1 |  75.0
               +-------+-------+-------+-------+-------+----------------------

Table legend: (Time is in decaauts)
 A = Elapsed time spent in this place.
 B = Non-inter-level travel time spent in this place.
 C = Inter-level travel time spent in this place.
 D = Time resting spent in this place.
 E = Time spent auto-exploring this place.
 F = Levels seen in this place.
 G = Mean time per level.
                   A        B        C        D        E       F      G
               +--------+--------+--------+--------+--------+-----+--------+
         Total |  31099 |  29675 |   1424 |    724 |  23857 |  21 | 1480.9 |
       Dungeon |  15915 |  15363 |    552 |    261 |  12439 |  12 | 1326.2 |
          Lair |  10898 |  10135 |    763 |    168 |   8389 |   6 | 1816.3 |
  Orcish Mines |   3379 |   3271 |    108 |    295 |   2394 |   2 | 1689.5 |
         Sewer |    906 |    906 |      0 |      0 |    635 |   1 |  906.0 |
               +--------+--------+--------+--------+--------+-----+--------+

Top non-repeatable levels by time:
  Lair:6: 2384 daAuts
  Lair:4: 2173 daAuts
   Orc:2: 1843 daAuts
  Lair:3: 1831 daAuts
     D:3: 1792 daAuts
     D:4: 1721 daAuts
  Lair:2: 1702 daAuts
    D:11: 1635 daAuts
    D:12: 1543 daAuts
   Orc:1: 1536 daAuts
    D:10: 1485 daAuts
     D:2: 1472 daAuts
  Lair:1: 1437 daAuts
     D:5: 1419 daAuts
  Lair:5: 1369 daAuts
